 Dungeon Sprint DCSS version 0.30-a0-1103-g25895a7845 (webtiles) character file.

Game seed: 14128828860669180878

598 fozzywoppz the Fighter (level 7, 0/87 HPs)
             Began as an Ogre Fighter on Apr 18, 2023.
             Was the Champion of Qazlal.
             Slain by a boulder beetle (16 damage)
             ... in the Dungeon (Sprint VII: "The Pits").
             The game lasted 00:03:20 (956 turns).

fozzywoppz the Fighter (Ogre Fighter)                Turns: 956, Time: 00:03:20

Health: 0/87       AC:  6    Str: 21    XL:     7   Next: 40%
Magic:  7/7        EV: 11    Int:  9    God:    Qazlal [******]
Gold:   0          SH: 18    Dex: 10    Spells: 6/6 levels left

rFire   . . .      SeeInvis .    a - +0 war axe
rCold   . . .      Faith    .    c - +0 kite shield
rNeg    . . .      Spirit   .    b - +0 robe
rPois   .          Reflect  .    (helmet restricted)
rElec   .          Rampage  .    (no cloak)
rCorr   .          NoTele   +    (gloves unavailable)
Will    .....                    (boots unavailable)
Stlth   +                        (no amulet)
HPRegen 0.34/turn                (no ring)
MPRegen 0.10/turn                (no ring)

@: protected from physical damage, repel missiles
A: large, unfitting armour, tough skin 1
a: Renounce Religion, Upheaval, Elemental Force, Disaster Area


You were in the Dungeon.
You worshipped Qazlal.
Qazlal was exalted by your worship.
You visited 1 branch

Inventory:

Hand Weapons
 a - a +0 war axe (weapon)
Armour
 b - a +0 robe (worn)
 c - a +0 kite shield (worn)
Scrolls
 l - 5 scrolls of amnesia
 m - a scroll of summoning
Potions
 e - 3 potions of curing
 f - 5 potions of heal wounds
 h - 4 potions of magic
 i - 3 potions of berserk rage
 k - 2 potions of invisibility


   Skills:
 + Level 10.9 Fighting
 + Level 8.0 Axes
 + Level 7.6 Dodging
 + Level 8.4 Shields


You had 6 spell levels left.
You didn't know any spells.
Your spell library was empty.

Dungeon Overview and Level Annotations

Branches:
Dungeon (1/1)

Altars:
Ashenzari
Cheibriados
Dithmenos
Elyvilon
Fedhas
Gozag
Hepliaklqana
Kikubaaqudgha
Makhleb
Nemelex Xobeh
Okawaru
Qazlal
Ru
Sif Muna
Trog
Uskayaw
Vehumet
Wu Jian
Xom
Yredelemnul
Zin
The Shining One
Jiyva
Lugonu


Innate Abilities, Weirdness & Mutations

You are too large for most types of armour.
You have tough skin. (AC +1)


Message History

The boulder beetle completely misses you.
You barely miss the boulder beetle.
The boulder beetle is lightly wounded.
The boulder beetle is engulfed in blazing flames.
The boulder beetle leaps!
The boulder beetle curls into a ball and begins rolling!
You block the boulder beetle's attack.
The boulder beetle stops rolling and uncurls.
There's a creature in the doorway!
You hit the boulder beetle but do no damage.
The boulder beetle is moderately wounded.
The boulder beetle bites you!!
* * * LOW HITPOINT WARNING * * *
Unknown command.
You hit the boulder beetle but do no damage.
The boulder beetle is moderately wounded.
The boulder beetle is engulfed in freezing vapours.
The boulder beetle closely misses you.
You hit the boulder beetle but do no damage.
The boulder beetle is heavily wounded.
The boulder beetle bites you.
* * * LOW HITPOINT WARNING * * *
You slash the boulder beetle!
The boulder beetle is heavily wounded.
You block the boulder beetle's attack.
The boulder beetle is engulfed in freezing vapours.
You block the boulder beetle's attack.
You hit the boulder beetle.
The boulder beetle is severely wounded.
The boulder beetle is engulfed in freezing vapours.
The boulder beetle barely misses you.
You hit the boulder beetle but do no damage.
The boulder beetle is severely wounded.
The boulder beetle bites you.
* * * LOW HITPOINT WARNING * * *
You feel more protected from physical attacks.
You slice the boulder beetle!!
The boulder beetle is almost dead.
The boulder beetle bites you!
You die...

_________.# _________.#
_______...###########++##
#########'##.............
.?(.')))'.##......#..#...
#########.##.............
...).......'..°§.........
'#####'#####......#..#...
.#..#)))')##..☼○@........
.#..#..)#[#####B#####++##
.#.)#####.##...☼...#
.#..'...#.##.......#
.#.†'...).##.......#
.#..########...<...#
.#..'.)))[##.......#
)#..#.)))[##.......#
)###########.......#


You could see a boulder beetle.

Vanquished Creatures
  Duvessa (D)
  An orc warrior (D)
  A wolf (D)
  A kobold brigand (D)
  A scorpion (D)
  Dowan (D)
  A gnoll bouda (D)
  An orc wizard (D)
  A mummy (D)
  6 gnolls (D)
  A river rat (D)
  4 orcs (D)
  A giant cockroach (D)
  A goblin (D)
  2 hobgoblins (D)
  4 jackals (D)
  A quokka (D)
  A frilled lizard (D)
  A rat (D)
31 creatures vanquished.

Notes
Turn   | Place    | Note
-------+----------+-------------------------------------------
     0 | D        | fozzywoppz the Ogre Fighter began the quest for the Orb.
     0 | D        | Reached XP level 1. HP: 24/24 MP: 1/1
    38 | D        | Found a glowing golden altar of the Shining One.
    38 | D        | Found a glowing silver altar of Zin.
    38 | D        | Found a basalt altar of Yredelemnul.
    38 | D        | Found a shimmering altar of Xom.
    38 | D        | Found an ornate altar of the Wu Jian Council.
    38 | D        | Found a bloodstained altar of Trog.
    38 | D        | Found a shimmering blue altar of Sif Muna.
    38 | D        | Found a sacrificial altar of Ru.
    38 | D        | Found a stormy altar of Qazlal.
    38 | D        | Found an iron altar of Okawaru.
    38 | D        | Found a sparkling altar of Nemelex Xobeh.
    38 | D        | Found a burning altar of Makhleb.
    38 | D        | Found a viscous altar of Jiyva.
    38 | D        | Found a hazy altar of Hepliaklqana.
    38 | D        | Found an opulent altar of Gozag.
    38 | D        | Found a blossoming altar of Fedhas.
    38 | D        | Found a white marble altar of Elyvilon.
    38 | D        | Found a shadowy altar of Dithmenos.
    38 | D        | Found a snail-covered altar of Cheibriados.
    39 | D        | Found a radiant altar of Vehumet.
    39 | D        | Found a corrupted altar of Lugonu.
    40 | D        | Found a hide-covered altar of Uskayaw.
    40 | D        | Found an ancient bone altar of Kikubaaqudgha.
    40 | D        | Found a broken altar of Ashenzari.
    49 | D        | Became a worshipper of Qazlal Stormbringer
    71 | D        | Reached * piety under Qazlal
    73 | D        | Reached XP level 2. HP: 22/33 MP: 2/2
    74 | D        | Reached ** piety under Qazlal
    75 | D        | Reached skill level 5 in Fighting
   149 | D        | Reached *** piety under Qazlal
   151 | D        | Reached XP level 3. HP: 41/42 MP: 3/3
   201 | D        | Noticed a scorpion
   201 | D        | Noticed a kobold brigand
   204 | D        | Noticed a wolf
   245 | D        | Killed a scorpion
   246 | D        | Reached skill level 7 in Fighting
   246 | D        | Reached skill level 5 in Shields
   246 | D        | Reached XP level 4. HP: 17/55 MP: 4/4
   249 | D        | Killed a wolf
   249 | D        | Reached **** piety under Qazlal
   250 | D        | Reached skill level 8 in Fighting
   250 | D        | Reached skill level 5 in Axes
   250 | D        | Reached skill level 5 in Dodging
   250 | D        | Reached XP level 5. HP: 21/63 MP: 5/5
   265 | D        | Killed a kobold brigand
   266 | D        | Reached skill level 9 in Fighting
   266 | D        | Reached XP level 6. HP: 5/75 MP: 6/6
   286 | D        | Reached ***** piety under Qazlal
   553 | D        | Noticed a boulder beetle
   703 | D        | Noticed Duvessa
   703 | D        | Noticed Dowan
   703 | D        | Noticed an orc warrior
   713 | D        | Killed an orc warrior
   714 | D        | Reached skill level 10 in Fighting
   714 | D        | Reached XP level 7. HP: 81/87 MP: 7/7
   716 | D        | Killed Dowan
   731 | D        | Killed Duvessa
   732 | D        | Reached ****** piety under Qazlal
   956 | D        | Slain by a boulder beetle

Illustrated notes

Levels and vault maps discovered:
D:        pitsprint [storerooms_1, entrance_room_1, metal_vault_7, armoury_1,
          mini_pit_1, grid_room_1, main_hall_1, silver_pit, the_coven_2,
          the_vestibule_1, steel_vault_3, golden_pit, hallway_of_sentries,
          crystal_vault_1, iron_vault_2, final_vault]

Skill      XL: |  1  2  3  4  5  6  7 |
---------------+----------------------+-----
Dodging        | 3 4 5 6 7 |  7.6
Fighting       | 5 7 8 9 10 | 10.9
Axes           | 3 4 5 6 7 8 |  8.0
Shields        | 4 5 6 7 8 |  8.4

Action                     |  1- 3 |  4- 6 |  7- 9 || total
---------------------------+-------+-------+-------++-------
  Melee: War axe           |    31 |    63 |    31 ||   125
 Invoke: Upheaval          |     1 |       |       ||     1
    Use: Potion            |     4 |     2 |       ||     6
         Scroll            |     1 |       |       ||     1
 Armour: Robe              |     5 |     4 |       ||     9
  Dodge: Dodged            |    15 |    10 |     6 ||    31
         Repelled          |       |     1 |       ||     1
  Block: Kite shield       |    19 |    33 |    24 ||    76

Table legend: (Time is in decaauts)
 A = Elapsed time spent in this place.
 B = Non-inter-level travel time spent in this place.
 C = Inter-level travel time spent in this place.
 D = Time resting spent in this place.
 E = Time spent auto-exploring this place.
 F = Levels seen in this place.
 G = Mean time per level.
                   A        B        C        D        E       F      G
               +--------+--------+--------+--------+--------+-----+--------+
         Total |    976 |    976 |      0 |    573 |      0 |   1 |  976.0 |
       Dungeon |    976 |    976 |      0 |    573 |      0 |   1 |  976.0 |
               +--------+--------+--------+--------+--------+-----+--------+

Top non-repeatable levels by time:
       D: 976 daAuts
